 Dungeon Crawl Stone Soup version 0.24-a0-699-g5a66b1aa3b (webtiles) character file.

Game seed: 12070923976867449701, levelgen mode: deterministic

51 MordorOrchid the Stinger (level 3, -2/23 HPs)
             Began as an Octopode Venom Mage on Sept 29, 2019.
             Shot with an arrow by a centaur (6 damage)
             ... on level 2 of the Dungeon.
             The game lasted 00:07:28 (993 turns).

MordorOrchid the Stinger (Octopode Venom Mage)       Turns: 993, Time: 00:07:29

Health: -2/23      AC:  1    Str:  7    XL:     3   Next: 83%
Magic:  5/15       EV: 13    Int: 18    God:
Gold:   122        SH:  0    Dex: 12    Spells: 0/6 levels left

rFire    . . .     SeeInvis .   j - +0 hunting sling
rCold    . . .     Gourm    .   (no shield)
rNeg     . . .     Faith    .   (helmet restricted)
rPois    .         Spirit   .   (no amulet)
rElec    .         Reflect  .   i - ring of magical power
rCorr    .         Harm     .   (no ring)
MR       .....                  (no ring)
Stlth    +++.......             (no ring)
HPRegen  0.07/turn              (no ring)
MPRegen  0.14/turn              (no ring)
                                (no ring)
                                (no ring)

@: very slightly contaminated
A: almost no armour, stealthy swim, amphibious, 8 rings, constrict 8, camouflage
1, gelatinous body 1
a: no special abilities


You were on level 2 of the Dungeon.
You were hungry.

You visited 1 branch of the dungeon, and saw 2 of its levels.

You collected 122 gold pieces.

Inventory:

Hand Weapons
 j - a +0 hunting sling (weapon)
 y - a +0 dagger
Missiles
 a - 100 stones (quivered)
 c - 16 arrows
 e - 4 javelins
 o - 7 atropa-tipped darts
Jewellery
 i - a ring of magical power (left tentacle)
Scrolls
 k - 3 scrolls of remove curse
 n - 2 scrolls of fear
 p - 2 scrolls of identify {unknown}
Potions
 d - a potion of curing {unknown}
 f - a potion of heal wounds {unknown}
 h - 2 potions of lignification {unknown}
 l - a potion of might {unknown}
 m - a potion of flight {unknown}
Comestibles
 b - 2 rations
 g - 5 chunks of flesh


   Skills:
 * Level 1.3 Fighting
 * Level 2.5 Dodging
 - Level 3.0 Stealth
 * Level 2.3 Spellcasting
 * Level 1.3 Conjurations
 * Level 0.1 Air Magic
 + Level 4.0 Poison Magic


You couldn't memorise any spells.
You knew the following spells:

 Your Spells              Type           Power        Failure   Level  Hunger
a - Sting                 Conj/Pois      ##..         6%          1    #......
g - Mephitic Cloud        Conj/Pois/Air  #.......     24%         3    ###....
p - Poisonous Vapours     Pois/Air       #.....       11%         2    ##.....

Your spell library contained the following spells:

 Spells                   Type           Power        Failure   Level  Hunger
 Olgreb's Toxic Radiance  Pois           ###.....     32%         4    #####..
 Venom Bolt               Conj/Pois      ##........   85%         5    ######.


Dungeon Overview and Level Annotations

Branches:
Dungeon (2/15)

Altars:


Innate Abilities, Weirdness & Mutations

You cannot wear most types of armour.
You are very stealthy in the water. (Stealth+)
You are amphibious.
You can wear up to eight rings at the same time.
You can use your tentacles to constrict eight enemies at once.
Your skin changes colour to match your surroundings (Stealth+).
Your rubbery body absorbs attacks. (AC +1, EV +1)


Message History

Confirm with . or Enter, or press ? or * to list all spells.
Aiming: Sting (safe; 6% risk of failure)
Press: ? - help, Shift-Dir - straight line, f/p - centaur
Aim: a centaur, wielding a +0 shortbow (heavily wounded, poisoned)
You miscast Sting.
You are very lightly contaminated with residual magic.
Nothing appears to happen.
The centaur shoots an arrow.
The arrow misses you.
The centaur shoots an arrow.
The arrow hits you!
* * * LOW HITPOINT WARNING * * *
The kobold throws a stone.
The stone hits you but does no damage.
Casting: Sting (safe; 6% risk of failure)
Confirm with . or Enter, or press ? or * to list all spells.
Aiming: Sting (safe; 6% risk of failure)
Press: ? - help, Shift-Dir - straight line, f/p - centaur
Aim: a centaur, wielding a +0 shortbow (heavily wounded, poisoned)
The sting hits the centaur.
The centaur looks even sicker.
The centaur is heavily wounded.
A rat comes into view.
The centaur shoots an arrow.
The arrow hits you.
You die...

###
#....)......##..........#
#...........#############
#...........# #....#
#.....(.....#### #.##'###
..................
#.......
###.......(.......
#.......
.....(..(........
#.......
..............####
#.###### ..........@..K#
#. #.###########c.... .
..r.... .... ....


You could see a centaur, a kobold and a rat.

Vanquished Creatures
  2 adders (D:2)
  A worm (D:2)
  A dart slug (D:1)
  A giant cockroach (D:2)
  5 goblins
  6 hobgoblins
  A quokka (D:2)
  A ball python (D:1)
  A bat (D:1)
  2 frilled lizards
  3 kobolds (D:1)
  3 rats (D:1)
27 creatures vanquished.

Notes
Turn   | Place    | Note
-------+----------+-------------------------------------------
     0 | D:1      | MordorOrchid the Octopode Venom Mage began the quest for
                  | the Orb.
     0 | D:1      | Reached XP level 1. HP: 11/11 MP: 3/3
   153 | D:1      | Reached XP level 2. HP: 14/18 MP: 1/5
   157 | D:1      | Learned a level 2 spell: Poisonous Vapours
   233 | D:1      | Reached skill level 1 in Fighting
   692 | D:2      | Reached XP level 3. HP: 19/23 MP: 5/6
   700 | D:2      | Learned a level 3 spell: Mephitic Cloud
   916 | D:2      | Reached skill level 4 in Poison Magic
   986 | D:2      | Noticed a centaur
   993 | D:2      | Shot with an arrow by a centaur

Levels and vault maps discovered:
D:1:      dpeg_arrival_renting, layout_loops_ring
D:2:      layout_basic, elyvilon_altar_4

Skill      XL: |  1  2  3 |
---------------+----------+-----
Stealth        | 3 |  3.0
Fighting       | 1 |  1.3
Poison Magic   | 4 |  4.0
Dodging        | |  2.5
Spellcasting   | |  2.3
Conjurations   | |  1.3
Air Magic      | |  0.1

Action                   || total
-------------------------++-------
Melee: Unarmed           ||    15
       Tentacles         ||     7
       Constrict         ||     5
       Dagger            ||     6
 Fire: Hunting sling     ||    11
 Cast: Sting             ||    33
       Poisonous Vapours ||    15
  Use: Scroll            ||     2
 Stab: Sleeping          ||     1
  Eat: Chunk             ||     1
Dodge: Dodged            ||    29

Table legend:
 A = Non-vault XP
 B = Vault XP
 C = Vault XP percentage of total XP
 D = Non-vault monster count
 E = Vault monster count
 F = Vault count percentage of total count
                 A         B        C        D         E       F
            +---------+---------+-------+---------+---------+-------
      Total |      74 |       0 |   0.0 |      27 |       0 |   0.0
            +---------+---------+-------+---------+---------+-------
        D:1 |      31 |       0 |   0.0 |      18 |       0 |   0.0
        D:2 |      43 |       0 |   0.0 |       9 |       0 |   0.0
            +---------+---------+-------+---------+---------+-------
